[Event "42nd Olympiad Baku 2016 Open"]
[Site "Baku"]
[Date "2016.09.03"]
[Round "2.2"]
[White "Rombaldoni, Axel"]
[Black "Berend, Fred"]
[Result "0-1"]
[ECO "D70"]
[WhiteElo "2567"]
[BlackElo "2328"]
[Annotator ""]
[PlyCount "76"]
[EventDate "2016.??.??"]
[EventCountry "AZE"]
[SourceTitle "playchess.com"]
[Source "ChessBase"]
[WhiteTeam "Italy"]
[BlackTeam "Luxembourg"]
[WhiteTeamCountry "ITA"]
[BlackTeamCountry "LUX"]
[TimeControl "40/5400+30:1800+30"]

1. d4 {(00:00)} Nf6 {(00:00)} 2. c4 {(00:01)} g6 {(
00:00)} 3. Nf3 {(00:21)} Bg7 {(00:00)} 4. Nc3 {(00:11)}
O-O {(00:37)} 5. Bg5 {(00:27)} c5 {(00:36)} 6. d5 {
(00:54)} h6 {(00:07)} 7. Bf4 {(00:48)} d6 {(03:19)}
8. h3 {(06:35)} Qa5 {(14:54)} 9. Qd2 {(01:49)} g5 {
(05:32)} 10. Bh2 {(07:42)} a6 {(03:33)} 11. e4 {(
16:31)} b5 {(02:06)} 12. Bd3 {(00:27)} Nbd7 {(19:35)} 13.
g4 {(10:11)} Rb8 {(05:24)} 14. cxb5 {(22:03)} axb5 {
(00:55)} 15. h4 {(00:43)} c4 {(03:02)} 16. hxg5 {(
02:05)} b4 {(09:08)} 17. Ne2 {(19:07)} cxd3 {(00:23)} 18.
gxf6 {(02:09)} Nxf6 {(00:38)} 19. Ng3 {(01:41)} Bxg4 {
(05:06)} 20. Qxd3 {(03:53)} b3+ {(03:29)} 21. Qd2 {
(01:24)} Qa4 {(01:39)} 22. Nd4 {(01:25)} Rfc8 {(13:
17)} 23. O-O {(00:31)} Nxe4 {(02:30)} 24. Nxe4 {(00:09)}
Qxd4 {(00:07)} 25. Qf4 {(00:13)} Bh5 {(01:20)} 26. axb3 {
(00:54)} Bg6 {(00:12)} 27. Nc3 {(00:44)} Rxb3 {(00:
54)} 28. Rae1 {(00:29)} Rxb2 {(01:30)} 29. Ne2 {(00:30)}
Qxd5 {(01:07)} 30. Ng3 {(00:04)} e5 {(01:04)} 31. Qh4 {
(00:04)} Rc4 {(01:42)} 32. Qd8+ {(00:08)} Kh7 {(00:
01)} 33. Ra1 {(00:35)} h5 {(01:22)} 34. Ra5 {(01:39)} Qe6
{(00:37)} 35. Ra6 {(00:32)} Rd2 {(00:30)} 36. Qg5 {
(00:30)} Bh6 {(00:27)} 37. Qd8 {(00:23)} Rc8 {(00:
26)} 38. Qa5 {(00:25)} h4 {(00:29)} 0-1

[Event "42nd Olympiad Baku 2016 Open"]
[Site "Baku"]
[Date "2016.09.03"]
[Round "2.29"]
[White "Rozentalis, Eduardas"]
[Black "Durarbayli, Vasif"]
[Result "0-1"]
[ECO "B31"]
[WhiteElo "2565"]
[BlackElo "2612"]
[Annotator ""]
[PlyCount "110"]
[EventDate "2016.??.??"]
[EventCountry "AZE"]
[SourceTitle "playchess.com"]
[Source "ChessBase"]
[WhiteTeam "Lithuania"]
[BlackTeam "Azerbaijan"]
[WhiteTeamCountry "LTU"]
[BlackTeamCountry "AZE"]
[TimeControl "40/5400+30:1800+30"]

1. e4 {(00:00)} c5 {(00:00)} 2. Nf3 {(00:00)} Nc6 {
(00:00)} 3. Bb5 {(01:02)} g6 {(00:00)} 4. O-O {(01:
19)} Bg7 {(00:06)} 5. c3 {(01:59)} Nf6 {(01:31)} 6. Re1 {
(00:34)} O-O {(00:08)} 7. d4 {(00:38)} d5 {(00:14)}
8. e5 {(01:00)} Ne4 {(00:06)} 9. Bxc6 {(00:19)} bxc6 {
(00:05)} 10. Nbd2 {(00:07)} cxd4 {(00:06)} 11. cxd4 {
(00:14)} c5 {(00:03)} 12. dxc5 {(00:25)} Nxc5 {(00:
05)} 13. Nb3 {(00:08)} Ne4 {(00:05)} 14. h3 {(02:49)} a5 {
(09:02)} 15. Nbd4 {(03:33)} Qb6 {(06:06)} 16. Qb3 {
(03:09)} Qxb3 {(00:24)} 17. axb3 {(00:55)} Bd7 {(
03:40)} 18. Bf4 {(02:16)} Rfc8 {(04:26)} 19. Rec1 {(02:42]
} Rxc1+ {(02:40)} 20. Rxc1 {(01:15)} e6 {(02:14)} 21. h4 {
(11:39)} Bf8 {(07:18)} 22. Rc7 {(08:25)} Be8 {(00:
14)} 23. g4 {(08:25)} Nc5 {(05:32)} 24. Bd2 {(04:51)} Nd3
{(05:36)} 25. Bc3 {(04:34)} Bc5 {(02:19)} 26. Ne1 {
(07:51)} Bxd4 {(00:24)} 27. Nxd3 {(00:11)} Bb6 {(
00:04)} 28. Rb7 {(02:55)} Bd8 {(00:06)} 29. Bd4 {(00:24)}
Bc6 {(01:51)} 30. Ra7 {(00:24)} Rxa7 {(00:06)} 31. Bxa7 {
(00:05)} Bxh4 {(00:04)} 32. Bb6 {(04:22)} a4 {(00:
29)} 33. Nc5 {(02:43)} axb3 {(01:11)} 34. Nxb3 {(00:08)}
Ba4 {(04:50)} 35. Nd4 {(02:11)} Be7 {(00:21)} 36. f4 {
(02:59)} h6 {(06:41)} 37. Kf2 {(02:32)} Bd1 {(02:
03)} 38. Kg3 {(03:12)} Bb4 {(00:28)} 39. Nc6 {(06:34)}
Be1+ {(07:13)} 40. Bf2 {(00:00)} Bd2 {(00:00)} 41. f5 {
(02:49)} g5 {(01:06)} 42. fxe6 {(03:38)} fxe6 {(00:
20)} 43. b4 {(06:09)} Ba4 {(01:45)} 44. Nd4 {(01:33)} Bf4+
{(08:52)} 45. Kh3 {(01:25)} Bxe5 {(01:02)} 46. Nxe6 {
(00:26)} Bd7 {(02:08)} 47. Bd4 {(03:42)} Bd6 {(04:
29)} 48. Bc5 {(03:52)} Bb8 {(00:18)} 49. Nd4 {(01:38)} h5
{(02:18)} 50. Kg2 {(02:33)} Bxg4 {(00:11)} 51. Be7 {
(04:35)} Bf4 {(02:05)} 52. b5 {(00:35)} Kf7 {(01:
06)} 53. Bd8 {(02:35)} Ke8 {(00:14)} 54. Bf6 {(00:04)} h4
{(00:06)} 55. b6 {(00:59)} h3+ {(00:10)} 0-1

[Event "42nd Olympiad Baku 2016 Open"]
[Site "Baku"]
[Date "2016.09.03"]
[Round "2.23"]
[White "Sadikin The, Irwanto"]
[Black "McShane, Luke J"]
[Result "1-0"]
[ECO "E94"]
[WhiteElo "2327"]
[BlackElo "2671"]
[Annotator ""]
[PlyCount "157"]
[EventDate "2016.??.??"]
[EventCountry "AZE"]
[SourceTitle "playchess.com"]
[Source "ChessBase"]
[WhiteTeam "Indonesia"]
[BlackTeam "England"]
[WhiteTeamCountry "INA"]
[BlackTeamCountry "ENG"]
[TimeControl "40/5400+30:1800+30"]

1. d4 {(00:00)} Nf6 {(00:00)} 2. c4 {(00:00)} g6 {(
00:00)} 3. Nc3 {(00:11)} Bg7 {(00:00)} 4. e4 {(00:15)} d6
{(00:00)} 5. Nf3 {(00:09)} O-O {(00:00)} 6. Be2 {(
00:06)} e5 {(00:00)} 7. O-O {(00:23)} Na6 {(00:04)} 8. Be3
{(00:53)} Qe8 {(00:20)} 9. dxe5 {(00:45)} dxe5 {(
00:06)} 10. h3 {(00:15)} Nh5 {(01:12)} 11. c5 {(00:18)}
Nf4 {(00:58)} 12. Bxa6 {(02:41)} bxa6 {(00:07)} 13. Rc1 {
(00:08)} Ne6 {(07:08)} 14. c6 {(45:17)} Qxc6 {(07:
00)} 15. Nd5 {(03:14)} Qb7 {(01:07)} 16. b3 {(03:07)} Re8
{(34:02)} 17. Bg5 {(09:59)} Kh8 {(12:55)} 18. Qc2 {
(12:31)} Bd7 {(17:38)} 19. Rfd1 {(00:16)} c5 {(09:
13)} 20. Bf6 {(03:39)} Nd4 {(06:23)} 21. Nxd4 {(02:01)}
cxd4 {(00:06)} 22. Qd2 {(00:28)} Bc6 {(00:45)} 23. Qh6 {
(11:31)} Rg8 {(00:03)} 24. Bxg7+ {(01:40)} Rxg7 {(
00:03)} 25. Rc5 {(01:39)} Bxd5 {(01:08)} 26. Rxd5 {(00:43]
} f6 {(00:54)} 27. f4 {(00:14)} Re8 {(00:48)} 28. fxe5 {
(00:14)} fxe5 {(00:06)} 29. Qg5 {(01:02)} Rge7 {(
01:06)} 30. Rc1 {(00:34)} Re6 {(00:54)} 31. Rcc5 {(00:30)}
Qg7 {(00:27)} 32. Qc1 {(00:21)} R6e7 {(00:51)} 33. Rc6 {
(00:10)} Qf7 {(00:24)} 34. Rxa6 {(00:38)} Rf8 {(00:
09)} 35. Raa5 {(00:52)} Qf2+ {(00:43)} 36. Kh2 {(00:23)}
Qf6 {(00:41)} 37. Rac5 {(00:10)} Kg7 {(00:18)} 38. b4 {
(00:17)} h5 {(00:23)} 39. b5 {(00:49)} h4 {(00:08)}
40. Qd2 {(00:00)} Rff7 {(00:00)} 41. a4 {(02:32)} Rc7 {
(17:59)} 42. a5 {(03:55)} Rxc5 {(02:01)} 43. Rxc5 {
(00:07)} Qe7 {(01:12)} 44. Rc6 {(01:14)} Qd8 {(05:
58)} 45. Rc5 {(10:18)} d3 {(01:42)} 46. Rd5 {(00:20)} Rd7
{(03:26)} 47. Qxd3 {(00:09)} Rxd5 {(00:02)} 48. Qxd5 {
(00:25)} Qxa5 {(01:38)} 49. Qxe5+ {(00:29)} Kf7 {(
00:44)} 50. Qd5+ {(01:21)} Ke7 {(00:22)} 51. Qg5+ {(00:23]
} Kd7 {(01:18)} 52. Qxh4 {(07:18)} Qxb5 {(00:15)} 53. Qh7+
{(00:15)} Kd8 {(00:40)} 54. Qxa7 {(01:25)} Qe5+ {(
00:12)} 55. Kg1 {(00:34)} Qxe4 {(00:04)} 56. Qf2 {(02:28)}
Qb1+ {(00:59)} 57. Kh2 {(00:16)} Ke7 {(01:08)} 58. Kg3 {
(00:20)} Qe4 {(00:22)} 59. Qf4 {(00:29)} Qe1+ {(00:
13)} 60. Kg4 {(00:27)} Qe2+ {(00:25)} 61. Qf3 {(00:16)}
Qe5 {(00:16)} 62. h4 {(01:52)} Ke6 {(00:52)} 63. Kh3 {
(01:00)} Ke7 {(00:20)} 64. g3 {(03:51)} Ke8 {(00:
42)} 65. Kg2 {(00:05)} Qb2+ {(00:43)} 66. Kf1 {(00:07)}
Qb6 {(00:25)} 67. Qe2+ {(00:10)} Kd7 {(00:35)} 68. Qe4 {
(00:27)} Qf6+ {(00:41)} 69. Ke2 {(00:10)} Kd8 {(00:
29)} 70. Ke3 {(00:06)} Qf1 {(00:33)} 71. Qd3+ {(00:05)}
Qxd3+ {(00:09)} 72. Kxd3 {(00:08)} Kd7 {(00:44)} 73. Ke4 {
(00:21)} Ke6 {(00:17)} 74. Kf4 {(00:08)} Kf6 {(00:
40)} 75. Kg4 {(00:09)} Kg7 {(00:29)} 76. Kg5 {(00:04)} Kf7
{(00:23)} 77. Kh6 {(00:25)} Kf6 {(00:03)} 78. g4 {(
00:13)} Kf7 {(00:02)} 79. g5 {(00:07)} 1-0

[Event "42nd Olympiad Baku 2016 Open"]
[Site "Baku"]
[Date "2016.09.03"]
[Round "2.33"]
[White "Sadorra, Julio Catalino"]
[Black "Delgado Ramirez, Neuris"]
[Result "1/2-1/2"]
[ECO "E20"]
[WhiteElo "2560"]
[BlackElo "2618"]
[Annotator ""]
[PlyCount "70"]
[EventDate "2016.??.??"]
[EventCountry "AZE"]
[SourceTitle "playchess.com"]
[Source "ChessBase"]
[WhiteTeam "Philippines"]
[BlackTeam "Paraguay"]
[WhiteTeamCountry "PHI"]
[BlackTeamCountry "PAR"]
[TimeControl "40/5400+30:1800+30"]

1. d4 {(00:00)} Nf6 {(00:00)} 2. c4 {(00:00)} e6 {(
00:00)} 3. Nc3 {(00:00)} Bb4 {(00:27)} 4. g3 {(00:12)} c5
{(00:42)} 5. Nf3 {(00:15)} Ne4 {(03:45)} 6. Qc2 {(
00:19)} cxd4 {(01:49)} 7. Nxd4 {(00:08)} Nxc3 {(00:53)} 8.
bxc3 {(00:07)} Be7 {(00:05)} 9. Bg2 {(00:12)} a6 {(
01:38)} 10. Rb1 {(00:53)} Nc6 {(03:21)} 11. O-O {(00:26)}
Qc7 {(01:48)} 12. Be4 {(25:16)} h6 {(04:58)} 13. Qa4 {
(01:58)} O-O {(01:46)} 14. Ba3 {(00:11)} f5 {(23:
36)} 15. Bd3 {(13:11)} Bxa3 {(12:41)} 16. Qxa3 {(00:05)}
b6 {(00:21)} 17. Nb5 {(02:11)} axb5 {(06:16)} 18. Qxa8 {
(00:09)} bxc4 {(01:03)} 19. Bxc4 {(04:53)} d5 {(02:
06)} 20. Bb3 {(12:00)} Na5 {(03:19)} 21. Bxd5 {(00:32)}
exd5 {(00:06)} 22. Qxd5+ {(00:06)} Kh7 {(00:04)} 23. Rfd1
{(02:54)} Rf6 {(00:30)} 24. Qd8 {(04:29)} Qc6 {(02:
10)} 25. Qd5 {(05:42)} Qc7 {(02:42)} 26. Qd8 {(00:59)} Qc6
{(00:55)} 27. Qd5 {(01:07)} Qe8 {(07:25)} 28. Qd8 {
(04:07)} Qe6 {(03:18)} 29. Qc7 {(00:11)} Bb7 {(00:
52)} 30. Rd7 {(00:16)} Rg6 {(00:03)} 31. Rxb6 {(01:55)}
Qxe2 {(02:49)} 32. Rxb7 {(00:55)} Qe1+ {(00:10)} 33. Kg2 {
(00:03)} Qe4+ {(00:05)} 34. Kg1 {(02:10)} Qe1+ {(
00:25)} 35. Kg2 {(00:08)} Qe4+ {(00:06)} 1/2-1/2

[Event "42nd Olympiad Baku 2016 Open"]
[Site "Baku"]
[Date "2016.09.03"]
[Round "2.14"]
[White "Salgado Lopez, Ivan"]
[Black "Andersen, Mads"]
[Result "1/2-1/2"]
[ECO "B54"]
[WhiteElo "2662"]
[BlackElo "2535"]
[Annotator ""]
[PlyCount "136"]
[EventDate "2016.??.??"]
[EventCountry "AZE"]
[SourceTitle "playchess.com"]
[Source "ChessBase"]
[WhiteTeam "Spain"]
[BlackTeam "Denmark"]
[WhiteTeamCountry "ESP"]
[BlackTeamCountry "DEN"]
[TimeControl "40/5400+30:1800+30"]

1. e4 {(00:00)} c5 {(00:00)} 2. Nf3 {(00:00)} d6 {(
00:00)} 3. d4 {(00:00)} cxd4 {(00:00)} 4. Nxd4 {(00:00)}
Nf6 {(00:08)} 5. f3 {(00:04)} e5 {(04:52)} 6. Nb3 {
(00:12)} d5 {(10:40)} 7. Bg5 {(00:52)} Be6 {(07:45]
} 8. Bxf6 {(03:51)} gxf6 {(00:25)} 9. exd5 {(00:14)} Qxd5
{(06:51)} 10. Qxd5 {(00:57)} Bxd5 {(00:02)} 11. Nc3 {
(00:10)} Be6 {(06:42)} 12. Nb5 {(01:02)} Kd8 {(03:
39)} 13. O-O-O+ {(00:42)} Kc8 {(01:02)} 14. Nd6+ {(06:08)}
Bxd6 {(00:10)} 15. Rxd6 {(00:08)} Kc7 {(02:13)} 16. Rd2 {
(04:09)} b6 {(03:20)} 17. Bd3 {(10:26)} Nc6 {(01:
23)} 18. Be4 {(01:46)} Rad8 {(02:12)} 19. Re1 {(04:29)} h5
{(04:39)} 20. Rxd8 {(06:08)} Rxd8 {(02:36)} 21. Nd2 {
(01:37)} h4 {(06:16)} 22. Nf1 {(06:25)} Ne7 {(04:
23)} 23. a3 {(00:48)} Rg8 {(03:36)} 24. g4 {(00:55)} hxg3
{(03:41)} 25. hxg3 {(00:08)} f5 {(07:19)} 26. Bd3 {
(00:14)} f6 {(00:56)} 27. Kd2 {(01:08)} Kd6 {(05:
33)} 28. Ke2 {(01:09)} f4 {(04:12)} 29. Rd1 {(12:36)} Kc7
{(04:25)} 30. gxf4 {(04:05)} exf4 {(00:28)} 31. Ke1 {
(04:58)} Nc6 {(01:32)} 32. Rd2 {(03:10)} Ne5 {(01:
00)} 33. Be2 {(00:13)} Bf5 {(03:28)} 34. Rd4 {(07:41)}
Bxc2 {(00:22)} 35. Rxf4 {(00:09)} Nd3+ {(01:08)} 36. Bxd3
{(00:29)} Bxd3 {(00:02)} 37. Ne3 {(00:39)} f5 {(00:
17)} 38. Rd4 {(04:23)} Bb1 {(00:33)} 39. Kf2 {(00:57)} Rh8
{(00:55)} 40. Kg3 {(00:00)} Rh1 {(00:00)} 41. Rd2 {
(08:12)} Kc6 {(05:11)} 42. Kf4 {(02:56)} Kb5 {(02:
45)} 43. b3 {(10:27)} Rc1 {(05:57)} 44. Rb2 {(05:07)} Kc5
{(05:02)} 45. Nxf5 {(02:29)} Bxf5 {(00:31)} 46. Kxf5 {
(00:05)} Kd4 {(00:11)} 47. f4 {(01:34)} Kc3 {(00:
40)} 48. Rf2 {(00:20)} Kxb3 {(00:42)} 49. Rf3+ {(00:09)}
Ka4 {(01:28)} 50. Ke6 {(01:37)} Rc6+ {(05:46)} 51. Kd7 {
(01:16)} Rf6 {(00:41)} 52. f5 {(01:08)} b5 {(01:42]
} 53. Ke7 {(00:32)} Rb6 {(01:49)} 54. f6 {(00:12)} a5 {
(00:38)} 55. f7 {(00:20)} Rb8 {(00:24)} 56. f8=Q {(
04:52)} Rxf8 {(00:06)} 57. Rxf8 {(00:08)} Kxa3 {(02:05)}
58. Rf3+ {(02:02)} Ka2 {(02:30)} 59. Rf2+ {(04:09)} Ka1 {
(00:48)} 60. Rf1+ {(01:10)} Ka2 {(00:19)} 61. Rf5 {
(03:05)} a4 {(00:17)} 62. Rxb5 {(01:28)} a3 {(00:
08)} 63. Kd6 {(00:29)} Ka1 {(00:05)} 64. Kc5 {(00:19)} a2
{(00:07)} 65. Kb4 {(00:41)} Kb2 {(00:11)} 66. Kc4+ {
(00:17)} Kc2 {(00:37)} 67. Ra5 {(00:08)} Kb2 {(00:
16)} 68. Rxa2+ {(00:05)} Kxa2 1/2-1/2

[Event "42nd Olympiad Baku 2016 Open"]
[Site "Baku"]
[Date "2016.09.03"]
[Round "2.6"]
[White "Sedlak, Nikola"]
[Black "Goh, Wei Ming Kevin"]
[Result "1/2-1/2"]
[ECO "A48"]
[WhiteElo "2537"]
[BlackElo "2444"]
[Annotator ""]
[PlyCount "82"]
[EventDate "2016.??.??"]
[EventCountry "AZE"]
[SourceTitle "playchess.com"]
[Source "ChessBase"]
[WhiteTeam "Serbia"]
[BlackTeam "Singapore"]
[WhiteTeamCountry "SRB"]
[BlackTeamCountry "SIN"]
[TimeControl "40/5400+30:1800+30"]

1. d4 {(00:00)} Nf6 {(00:00)} 2. Nf3 {(00:00)} g6 {
(00:03)} 3. Bg5 {(00:27)} Bg7 {(00:07)} 4. Nbd2 {(
00:19)} O-O {(00:50)} 5. c3 {(00:07)} d6 {(00:53)} 6. e4 {
(00:08)} c5 {(00:40)} 7. d5 {(00:14)} h6 {(03:08)}
8. Bh4 {(00:09)} e6 {(08:53)} 9. dxe6 {(00:24)} Bxe6 {
(00:10)} 10. Bc4 {(00:39)} d5 {(04:35)} 11. exd5 {(
04:08)} Bxd5 {(00:37)} 12. O-O {(00:09)} Nc6 {(01:27)} 13.
Qc2 {(00:52)} Na5 {(08:38)} 14. Bxd5 {(04:42)} Qxd5 {
(00:18)} 15. Qa4 {(04:29)} b6 {(04:37)} 16. Rad1 {(
15:54)} Rfe8 {(09:43)} 17. Bxf6 {(10:08)} Bxf6 {(00:11)}
18. Rfe1 {(00:18)} Rxe1+ {(06:03)} 19. Rxe1 {(00:07)} Kg7
{(08:44)} 20. Ne4 {(05:35)} Qc6 {(00:59)} 21. Qc2 {
(01:40)} Re8 {(00:42)} 22. Re2 {(05:20)} Rd8 {(06:
27)} 23. h4 {(01:00)} Qd5 {(04:50)} 24. Nxf6 {(04:38)}
Qd1+ {(02:08)} 25. Ne1 {(02:05)} Kxf6 {(02:00)} 26. Qe4 {
(00:21)} Qd5 {(18:11)} 27. Qf4+ {(06:27)} Kg7 {(00:
18)} 28. Nf3 {(00:17)} Nc6 {(01:10)} 29. a3 {(07:54)} Qd1+
{(01:54)} 30. Re1 {(00:06)} Qd5 {(00:25)} 31. b4 {(
08:43)} cxb4 {(01:03)} 32. cxb4 {(00:41)} Nd4 {(01:40)}
33. Re3 {(02:17)} Nxf3+ {(01:33)} 34. Rxf3 {(00:07)} Qd1+
{(00:50)} 35. Kh2 {(00:07)} Qd6 {(00:11)} 36. Kg3 {
(00:55)} g5 {(00:46)} 37. hxg5 {(00:42)} hxg5 {(00:
04)} 38. Qxd6 {(00:19)} Rxd6 {(00:04)} 39. Rc3 {(00:19)}
a5 {(01:21)} 40. bxa5 {(00:00)} bxa5 {(00:00)} 41. f4 {
(03:54)} gxf4+ {(00:31)} 1/2-1/2

[Event "42nd Olympiad Baku 2016 Open"]
[Site "Baku"]
[Date "2016.09.03"]
[Round "2.35"]
[White "Sethuraman, S P."]
[Black "Valdes Romero, Leonardo"]
[Result "1-0"]
[ECO "B07"]
[WhiteElo "2640"]
[BlackElo "2387"]
[Annotator ""]
[PlyCount "79"]
[EventDate "2016.??.??"]
[EventCountry "AZE"]
[SourceTitle "playchess.com"]
[Source "ChessBase"]
[WhiteTeam "India"]
[BlackTeam "Costa Rica"]
[WhiteTeamCountry "IND"]
[BlackTeamCountry "CRI"]
[TimeControl "40/5400+30:1800+30"]

1. e4 {(00:00)} d6 {(00:00)} 2. d4 {(00:00)} Nf6 {(
00:00)} 3. Nc3 {(00:06)} g6 {(00:00)} 4. Bg5 {(00:17)} Bg7
{(00:22)} 5. Qd2 {(00:06)} h6 {(06:42)} 6. Bf4 {(
00:13)} Nc6 {(04:19)} 7. O-O-O {(02:54)} g5 {(09:58)} 8.
Bg3 {(02:08)} Nh5 {(00:09)} 9. Qe3 {(00:04)} e6 {(
05:19)} 10. Be2 {(08:04)} Nxg3 {(11:27)} 11. hxg3 {(00:06]
} Bd7 {(19:14)} 12. f4 {(02:23)} Qf6 {(04:24)} 13. e5 {
(07:04)} dxe5 {(09:32)} 14. dxe5 {(00:47)} Qe7 {(
00:05)} 15. Nb5 {(01:34)} O-O {(08:30)} 16. Nf3 {(02:09)}
g4 {(02:08)} 17. Nh2 {(26:36)} h5 {(10:37)} 18. Nc3 {
(00:36)} f5 {(02:10)} 19. exf6 {(00:06)} Rxf6 {(00:
08)} 20. Ne4 {(01:01)} Rf5 {(00:23)} 21. Ng5 {(05:39)} Re8
{(02:38)} 22. Nf1 {(01:46)} Nb4 {(01:46)} 23. Bc4 {
(09:38)} Nd5 {(00:24)} 24. Qd2 {(02:23)} Bc3 {(00:
59)} 25. Qd3 {(03:02)} Bf6 {(00:40)} 26. Ne4 {(04:10)} Bg7
{(00:19)} 27. Ne3 {(01:33)} Nxe3 {(00:14)} 28. Qxe3 {
(00:04)} b5 {(00:53)} 29. Bd3 {(05:09)} b4 {(00:09]
} 30. Kb1 {(01:55)} Bc6 {(00:28)} 31. Ng5 {(05:41)} Qf6 {
(00:21)} 32. Qc1 {(00:04)} Qg6 {(01:05)} 33. Rhe1 {
(01:22)} Qf6 {(00:14)} 34. Bc4 {(01:04)} Bb5 {(00:
42)} 35. Bxe6+ {(00:26)} Rxe6 {(00:21)} 36. Rxe6 {(00:05)}
Qf8 {(00:06)} 37. Qe3 {(00:13)} c5 {(01:01)} 38. Qe4 {
(00:37)} a5 {(00:39)} 39. Rd5 {(00:22)} Rxg5 {(00:
31)} 40. Rxg5 {(00:00)} 1-0

[Event "42nd Olympiad Baku 2016 Open"]
[Site "Baku"]
[Date "2016.09.03"]
[Round "2.10"]
[White "Shengelia, David"]
[Black "Berkes, Ferenc"]
[Result "0-1"]
[ECO "D37"]
[WhiteElo "2573"]
[BlackElo "2640"]
[Annotator ""]
[PlyCount "106"]
[EventDate "2016.??.??"]
[EventCountry "AZE"]
[SourceTitle "playchess.com"]
[Source "ChessBase"]
[WhiteTeam "Austria"]
[BlackTeam "Hungary"]
[WhiteTeamCountry "AUT"]
[BlackTeamCountry "HUN"]
[TimeControl "40/5400+30:1800+30"]

1. d4 {(00:00)} Nf6 {(00:00)} 2. c4 {(00:00)} e6 {(
00:00)} 3. Nf3 {(00:13)} d5 {(00:00)} 4. Nc3 {(00:39)}
Nbd7 {(00:00)} 5. Bf4 {(00:31)} dxc4 {(00:00)} 6. e3 {
(00:40)} Nd5 {(00:05)} 7. Bxc4 {(01:11)} Nxf4 {(00:
06)} 8. exf4 {(00:10)} Nb6 {(00:05)} 9. Bb3 {(05:29)} g6 {
(00:06)} 10. O-O {(15:10)} Bg7 {(00:08)} 11. Re1 {(
01:08)} O-O {(00:08)} 12. Ne5 {(01:09)} c6 {(03:46)} 13.
g3 {(04:35)} Nd5 {(00:32)} 14. h4 {(18:58)} Ne7 {(
00:47)} 15. h5 {(03:35)} Nf5 {(03:13)} 16. hxg6 {(01:44)}
hxg6 {(00:06)} 17. Qg4 {(14:29)} Nxd4 {(05:52)} 18. Rad1 {
(00:54)} c5 {(11:52)} 19. Nb5 {(03:55)} a5 {(23:53]
} 20. Nxd4 {(15:07)} cxd4 {(00:06)} 21. Re2 {(03:12)} a4 {
(11:59)} 22. Bc2 {(00:26)} Ra5 {(02:07)} 23. b4 {(
02:39)} axb3 {(09:42)} 24. Bxb3 {(00:02)} Rc5 {(00:26)}
25. Re4 {(05:46)} Qc7 {(09:56)} 26. Qe2 {(00:17)} b6 {
(03:21)} 27. Rdxd4 {(00:21)} Bb7 {(01:14)} 28. Rd7 {
(00:53)} Rc1+ {(03:18)} 29. Kh2 {(00:42)} Bxe4 {(
01:09)} 30. Qxe4 {(00:01)} Qc5 {(00:14)} 31. Kg2 {(00:55)}
Bxe5 {(00:53)} 32. fxe5 {(00:07)} Qc6 {(00:23)} 33. Qxc6 {
(00:11)} Rxc6 {(00:05)} 34. f4 {(00:26)} Rcc8 {(02:
20)} 35. Rb7 {(01:14)} Rb8 {(00:28)} 36. Ra7 {(00:24)}
Rfe8 {(03:23)} 37. g4 {(00:18)} Kf8 {(00:10)} 38. Kg3 {
(00:36)} Re7 {(00:06)} 39. Ra4 {(00:20)} g5 {(02:
20)} 40. fxg5 {(00:00)} Kg7 {(00:00)} 41. Rd4 {(02:24)}
Rc7 {(02:17)} 42. Kf4 {(05:31)} Rh8 {(00:47)} 43. Rd6 {
(00:25)} b5 {(00:06)} 44. Rb6 {(00:44)} Rc5 {(00:
23)} 45. Ke4 {(00:55)} Kg6 {(04:07)} 46. Kd4 {(00:19)}
Rhc8 {(00:06)} 47. Rd6 {(01:22)} Kxg5 {(00:19)} 48. Rd7 {
(00:04)} R5c7 {(00:28)} 49. Rd6 {(00:08)} Kxg4 {(
01:15)} 50. Ke4 {(00:08)} Rc1 {(00:43)} 51. Rd7 {(00:37)}
R8c7 {(01:07)} 52. Rd8 {(01:14)} Re1+ {(00:09)} 53. Kd4 {
(00:03)} Kf4 {(00:19)} 0-1

[Event "42nd Olympiad Baku 2016 Open"]
[Site "Baku"]
[Date "2016.09.03"]
[Round "2.4"]
[White "Shishkov, Andrei"]
[Black "Zhu, Chen"]
[Result "1/2-1/2"]
[ECO "E32"]
[WhiteElo "2368"]
[BlackElo "2418"]
[Annotator ""]
[PlyCount "61"]
[EventDate "2016.??.??"]
[EventCountry "AZE"]
[SourceTitle "playchess.com"]
[Source "ChessBase"]
[WhiteTeam "Estonia"]
[BlackTeam "Qatar"]
[WhiteTeamCountry "EST"]
[BlackTeamCountry "QAT"]
[TimeControl "40/5400+30:1800+30"]

1. d4 {(00:00)} Nf6 {(00:00)} 2. c4 {(00:00)} e6 {(
00:00)} 3. Nc3 {(00:00)} Bb4 {(00:00)} 4. Qc2 {(00:00)}
O-O {(00:00)} 5. Nf3 {(00:00)} c5 {(04:06)} 6. dxc5 {
(00:03)} Na6 {(00:18)} 7. g3 {(00:49)} Nxc5 {(00:
09)} 8. Bg2 {(00:19)} Nce4 {(04:00)} 9. O-O {(02:10)} Nxc3
{(14:40)} 10. bxc3 {(00:07)} Bc5 {(00:12)} 11. e4 {
(08:57)} d6 {(00:39)} 12. e5 {(04:44)} dxe5 {(10:
38)} 13. Nxe5 {(00:12)} Qc7 {(02:06)} 14. Qe2 {(07:19)}
Bd6 {(02:08)} 15. Bf4 {(04:40)} Nd7 {(09:48)} 16. Nxd7 {
(05:00)} Bxd7 {(04:20)} 17. Bxd6 {(01:25)} Qxd6 {(
00:02)} 18. Bxb7 {(00:28)} Rab8 {(00:06)} 19. Rab1 {(03:
44)} Qc7 {(08:05)} 20. Be4 {(02:06)} g6 {(02:16)} 21. Rxb8
{(07:45)} Rxb8 {(00:25)} 22. Rb1 {(00:25)} Rb6 {(
07:31)} 23. Rb4 {(19:17)} Bc8 {(02:09)} 24. c5 {(22:29)}
Qxc5 {(02:06)} 25. Qc4 {(01:16)} Qxc4 {(13:38)} 26. Rxc4 {
(00:02)} Bb7 {(03:28)} 27. Bxb7 {(00:14)} Rxb7 {(
00:01)} 28. Ra4 {(00:45)} Rb1+ {(01:09)} 29. Kg2 {(00:06)}
Rc1 {(00:05)} 30. Rxa7 {(00:31)} Rxc3 {(00:02)} 31. h4 {
(00:29)} 1/2-1/2